 Dungeon Crawl Stone Soup version 0.31-a0-233-g139696dc86 (webtiles) character file.

Game seed: 12968140629270635311

5814 qw the Skirmisher (level 10, -10/91 HPs)
             Began as a Minotaur Hexslinger on July 7, 2023.
             Was a Believer of Okawaru.
             Mangled by an elephant (14 damage)
             ... on level 1 of the Lair of Beasts.
             The game lasted 00:03:33 (7982 turns).

qw the Skirmisher (Minotaur Hexslinger)             Turns: 7982, Time: 00:03:34

Health: -10/91     AC: 10    Str: 13    XL:     10   Next: 51%
Magic:  9/11       EV: 17    Int: 10    God:    Okawaru [**....]
Gold:   511        SH:  0    Dex: 17    Spells: 10/11 levels left

rFire   . . .        Y - +2 shortbow
rCold   . . .        (shield currently unavailable)
rNeg    + . .        a - +2 leather armour {rPois}
rPois   +            c - +0 hat {SInv}
rElec   .            (no cloak)
rCorr   .            h - +1 pair of gloves
SInv    +            i - +0 pair of boots
Will    .....        (no amulet)
Stlth   +++          j - ring of positive energy
HPRegen 0.35/turn    (no ring)
MPRegen 0.12/turn

%: no passive effects
@: heroic
A: horns 2, retaliatory headbutt
a: Renounce Religion, Heroism


You were on level 1 of the Lair of Beasts.
You worshipped Okawaru.
Okawaru was pleased with you.
You visited 3 branches of the dungeon, and saw 10 of its levels.

You collected 511 gold pieces.


Innate Abilities, Weirdness & Mutations

You have a pair of horns on your head.
You reflexively headbutt those who attack you in melee.


   Skills:
 - Level 9.6(14.6) Fighting
 + Level 12.8(17.8) Ranged Weapons
 - Level 4.8(9.8) Armour
 - Level 5.1(10.1) Dodging
 - Level 1.0 Spellcasting
 - Level 2.0 Hexes
 + Level 3.7 Invocations


You had 10 spell levels left.
You knew the following spells:

 Your Spells              Type           Power      Damage    Failure   Level
a - Slow                  Hex            16%        N/A       19%         1

Your spell library contained the following spells:

 Spells                   Type           Power      Damage    Failure   Level
 Inner Flame              Hex/Fire       2%         N/A       63%         3
 Portal Projectile        Hex/Tloc       4%         N/A       63%         3
 Cause Fear               Hex            2%         N/A       87%         4

Inventory:

Hand Weapons
 Y - a +2 shortbow (weapon)
Armour
 a - a +2 leather armour of poison resistance (worn)
 c - a +0 hat of see invisible (worn)
 g - a +0 troll leather armour
 h - a +1 pair of gloves (worn)
 i - a +0 pair of boots (worn)
Jewellery
 d - a ring of ice
 j - a ring of positive energy (left hand)
Scrolls
 k - a scroll of identify
Potions
 b - a potion of resistance
 e - a potion of enlightenment
 f - a potion of haste
 l - a potion of cancellation
 m - a potion of ambrosia {unknown}
 o - a potion of invisibility {unknown}

Dungeon Overview and Level Annotations

Branches:
Dungeon (8/15)             Temple (1/1) D:7            Lair (1/5) D:8

Altars:
Ashenzari
Cheibriados
Dithmenos
Elyvilon
Fedhas
Gozag
Kikubaaqudgha
Makhleb
Okawaru
Qazlal
Sif Muna
Uskayaw
Vehumet
Wu Jian
Xom
Yredelemnul
Zin
The Shining One

Shops:
D:2 =   D:5 :

Annotations:
D:4 exclusion: moth of wrath
D:5 1 runed translucent door, qw's ghost, amateur MiHs


Message History

You shoot an arrow. The arrow hits the wolf.
The wolf is almost dead.
The wolf completely misses you.
The elephant tramples you but does no damage.
The elephant barely misses you.
The komodo dragon bites you but does no damage.
The wolf bites you but does no damage.
You shoot an arrow.
The arrow hits the wolf but does no damage.
The wolf is almost dead.
The wolf barely misses you. You furiously retaliate!
You headbutt the wolf.
You kill the wolf!
Okawaru accepts your kill. The elephant tramples you.
You stumble backwards!
The komodo dragon closely misses you.
You shoot an arrow.
The arrow hits the elephant but does no damage.
The elephant is lightly wounded.
The elephant closely misses you. x2; The komodo dragon misses you.
You shoot an arrow.
The arrow hits the elephant but does no damage.
The elephant is lightly wounded.
You shoot an arrow.
The arrow hits the elephant but does no damage.
The elephant is lightly wounded.
The elephant tramples you!
You hold your ground!
The elephant closely misses you. The komodo dragon barely misses you.
You furiously retaliate!
You headbutt the komodo dragon. You shoot an arrow.
The arrow hits the elephant!
The elephant is lightly wounded.
The elephant barely misses you. The elephant trunk-slaps you.
The elephant tramples you.
You stumble backwards!
You shoot an arrow.
The arrow hits the elephant but does no damage.
The elephant is lightly wounded.
The elephant completely misses you. The elephant closely misses you.
The elephant barely misses you. You furiously retaliate!
You headbutt the elephant. The elephant barely misses you.
The elephant tramples you!
You die...

##### ## # #.#.######
###.##. #........#
#.....# #........#######
#.....####......@Yl......
........##......YY.......
#.......##...............
#.....#..#...............
......##...%.....%.......
......##.................
##.P..##.................
##..##..................
#..####.................


You could see 3 elephants and a komodo dragon.

Vanquished Creatures
  Gastronok (D:8)
  A manticore (D:8)
  An elephant (Lair:1)
  A rime drake (Lair:1)
  Prince Ribbit (D:5)
  Grinder (D:3)
  Sigmund (D:6)
  Eustachio (D:4)
  A steam dragon (D:8)
  A sky beast (D:8)
  An ice beast (D:6)
  3 ogres
  2 black bears
  5 wolves (Lair:1)
  A centaur (D:5)
  A phantom (D:4)
  8 scorpions
  2 bullfrogs
  Blork the orc (D:5)
  4 wights (D:8)
  A howler monkey (D:6)
  3 gnoll boudas
  3 orc priests
  3 hounds
  3 jellies (D:5)
  3 iguanas
  Jessica (D:2)
  A sleepcap (D:6)
  4 orc wizards
  7 adders
  16 gnolls
  A white imp (D:5)
  2 ufetubi
  2 worms (D:4)
  14 orcs
  5 ball pythons
  9 endoplasms
  2 giant cockroaches
  3 goblins
  11 hobgoblins
  A jackal (D:2)
  8 kobolds
  4 quokkas
  5 bats
  11 frilled lizards
  3 rats
164 creatures vanquished.

Notes
Turn   | Place    | Note
-------+----------+-------------------------------------------
     0 | D:1      | qw the Minotaur Hexslinger began the quest for the Orb.
     0 | D:1      | Reached XP level 1. HP: 16/16 MP: 1/1
     0 | D:1      | 0 ||| qw: Version: 0.3-a-46-gb1f654a
     0 | D:1      | 0 ||| qw: Game counter: 3223
     0 | D:1      | 0 ||| qw: Melee chars always use a shield: true
     0 | D:1      | 0 ||| qw: God list: Okawaru
     0 | D:1      | 0 ||| qw: Allow faded altars: false
     0 | D:1      | 0 ||| qw: Do Orc after clearing Dungeon:15 true
     0 | D:1      | 0 ||| qw: Do second Lair branch before Depths: true
     0 | D:1      | 0 ||| qw: Lair rune preference: random
     0 | D:1      | 0 ||| qw: Goals: Normal
     0 | D:1      | 0 ||| PLANNING D:1-11
   138 | D:1      | Reached skill level 3 in Ranged Weapons
   142 | D:1      | Reached XP level 2. HP: 23/23 MP: 2/2
   669 | D:1      | 669 ||| UPGRADING to +0 troll leather armour.
   679 | D:1      | 679 ||| DROPPING +0 robe.
   680 | D:1      | 680 ||| UPGRADING to +0 pair of boots.
   685 | D:1      | 685 ||| READING scroll labelled DUESUI NUWAI.
   786 | D:1      | 786 ||| READING scroll labelled VATEUJIMEV.
   787 | D:1      | 787 ||| READING 2 scrolls labelled OZOWIUNWEN.
   788 | D:1      | 788 ||| DROPPING scroll of poison.
   891 | D:2      | Found Kelif's Jewellery Emporium.
   891 | D:2      | Noticed Jessica
   899 | D:2      | Reached XP level 3. HP: 29/29 MP: 3/3
   909 | D:2      | Killed Jessica
   910 | D:2      | Reached skill level 4 in Ranged Weapons
  1034 | D:2      | 1034 ||| SHOPLISTING amulet "Sedatz" {Reflect Will+ SH+5}
                  | (468 gold, have 84).
  1034 | D:2      | 1034 ||| SHOPLISTING amulet of faith (440 gold, have 84).
  1034 | D:2      | 1034 ||| SHOPLISTING amulet of regeneration (330 gold, have
                  | 84).
  1034 | D:2      | 1034 ||| SHOPLISTING ring of fire (275 gold, have 84).
  1034 | D:2      | 1034 ||| SHOPLISTING ring of poison resistance (220 gold,
                  | have 84).
  1034 | D:2      | 1034 ||| SHOPLISTING ring of resist corrosion (220 gold,
                  | have 84).
  1034 | D:2      | 1034 ||| SHOPLISTING ring of willpower (275 gold, have 84).
  1378 | D:2      | Reached XP level 4. HP: 30/36 MP: 4/4
  1505 | D:2      | 1505 ||| READING scroll labelled MAOMPA UTHISE.
  1506 | D:2      | 1506 ||| DRINKING 2 orange potions.
  1507 | D:2      | 1507 ||| READING 2 scrolls of identify.
  1507 | D:2      | 1507 ||| IDENTIFYING brown potion
  1596 | D:3      | Reached skill level 5 in Ranged Weapons
  1668 | D:3      | 1668 ||| FLEEEEING.
  1679 | D:3      | Reached skill level 3 in Fighting
  1702 | D:3      | Reached XP level 5. HP: 45/45 MP: 5/5
  1751 | D:3      | Noticed Grinder
  1765 | D:3      | Paralysed by Grinder for 2 turns
  1768 | D:3      | 1768 ||| FLEEEEING.
  1769 | D:3      | 1769 ||| FLEEEEING.
  1772 | D:3      | Killed Grinder
  1773 | D:3      | Reached XP level 6. HP: 44/51 MP: 6/6
  2196 | D:3      | 2196 ||| UPGRADING to +1 pair of gloves.
  2201 | D:3      | 2201 ||| READING scroll labelled XUEQASMOGU.
  2202 | D:3      | 2202 ||| READING 2 scrolls of identify.
  2202 | D:3      | 2202 ||| IDENTIFYING amethyst potion
  2203 | D:3      | 2203 ||| DROPPING potion of berserk rage.
  2405 | D:4      | HP: 12/51 [something (2)]
  2414 | D:4      | 2414 ||| DRINKING 2 potions of curing.
  2414 | D:4      | 2414 ||| (to cure confusion)
  2418 | D:4      | Reached skill level 6 in Ranged Weapons
  2435 | D:4      | 2435 ||| DRINKING potion of curing.
  2435 | D:4      | 2435 ||| (to cure confusion)
  2526 | D:4      | Found a snail-covered altar of Cheibriados.
  2666 | D:4      | Reached XP level 7. HP: 58/59 MP: 7/7
  2797 | D:4      | Noticed a moth of wrath
  2798 | D:4      | 2798 ||| READING scroll labelled VUENU AKAAKOSI.
  2799 | D:4      | 2799 ||| DRINKING 2 fuming coppery potions.
  2851 | D:4      | 2851 ||| READING 2 scrolls of identify.
  2851 | D:4      | 2851 ||| IDENTIFYING red potion
  2852 | D:4      | 2852 ||| DROPPING potion of degeneration.
  2859 | D:5      | Entered Level 5 of the Dungeon
  2859 | D:5      | Noticed Eustachio
  2888 | D:5      | 2888 ||| STAIRDANCE
  2905 | D:4      | Killed Eustachio
  2906 | D:4      | Reached skill level 7 in Ranged Weapons
  2932 | D:4      | 2932 ||| UPGRADING to +2 leather armour of poison
                  | resistance.
  2953 | D:5      | 2953 ||| STAIRDANCE
  2984 | D:5      | 2984 ||| STAIRDANCE
  3103 | D:5      | 3103 ||| SWAPPING to +0 shortbow.
  3117 | D:5      | Reached skill level 8 in Ranged Weapons
  3128 | D:5      | 3128 ||| DROPPING +1 sling.
  3133 | D:5      | Found a shimmering altar of Xom.
  3141 | D:5      | 3141 ||| Stepping ~*~*~tactically~*~*~ (outnumbered).
  3161 | D:5      | Reached XP level 8. HP: 25/68 MP: 8/8
  3386 | D:5      | Found a runed translucent door.
  3386 | D:5      | Noticed qw's ghost (amateur MiHs)
  3432 | D:5      | Reached skill level 3 in Dodging
  3667 | D:5      | Found Guwo's Book Shop.
  3786 | D:5      | Noticed Prince Ribbit
  3799 | D:5      | Killed Prince Ribbit
  3800 | D:5      | Reached skill level 9 in Ranged Weapons
  3962 | D:5      | Found a shadowy altar of Dithmenos.
  3966 | D:5      | 3966 ||| Stepping ~*~*~tactically~*~*~ (outnumbered).
  4041 | D:5      | Noticed Blork the orc
  4050 | D:5      | Killed Blork the orc
  4051 | D:5      | Reached skill level 6 in Fighting
  4129 | D:5      | Identified the +1 mace of Greatest Utility {venom, Dex+3}
  4464 | D:5      | 4464 ||| READING scroll labelled AKHOEH KIEGUI.
  4465 | D:5      | 4465 ||| READING 2 scrolls labelled FESTILLIAPH.
  4466 | D:5      | 4466 ||| READING scroll of enchant weapon.
  4466 | D:5      | 4466 ||| ENCHANTING +1 shortbow.
  4467 | D:5      | 4467 ||| READING scroll labelled MOACEA IHUAKANT.
  4468 | D:5      | 4468 ||| READING 3 scrolls of identify.
  4468 | D:5      | 4468 ||| IDENTIFYING coppery potion
  4469 | D:5      | 4469 ||| READING 2 scrolls of identify.
  4469 | D:5      | 4469 ||| IDENTIFYING white potion
  4470 | D:5      | 4470 ||| DROPPING potion of brilliance.
  4510 | D:6      | Reached skill level 10 in Ranged Weapons
  4512 | D:6      | 4512 ||| FLEEEEING.
  4513 | D:6      | 4513 ||| FLEEEEING.
  4514 | D:6      | 4514 ||| FLEEEEING.
  4515 | D:6      | 4515 ||| FLEEEEING.
  4516 | D:6      | 4516 ||| FLEEEEING.
  4517 | D:6      | 4517 ||| FLEEEEING.
  4518 | D:6      | 4518 ||| STAIRDANCE
  4736 | D:6      | Reached XP level 9. HP: 63/78 MP: 9/9
  4773 | D:6      | HP: 19/79 [something (4)]
  4903 | D:6      | Noticed Sigmund
  4908 | D:6      | Killed Sigmund
  5028 | D:6      | 5028 ||| DRINKING potion of curing.
  5028 | D:6      | 5028 ||| (to cure confusion)
  5053 | D:6      | Found an ancient bone altar of Kikubaaqudgha.
  5087 | D:6      | Found a shimmering blue altar of Sif Muna.
  5088 | D:6      | Found a radiant altar of Vehumet.
  5263 | D:6      | Reached skill level 11 in Ranged Weapons
  5399 | D:6      | 5399 ||| DROPPING ring of magical power.
  5400 | D:6      | 5400 ||| READING 3 scrolls of identify.
  5400 | D:6      | 5400 ||| IDENTIFYING yellow potion
  5401 | D:6      | 5401 ||| READING 2 scrolls of identify.
  5401 | D:6      | 5401 ||| IDENTIFYING grey potion
  5514 | D:7      | 5514 ||| Stepping ~*~*~tactically~*~*~ (outnumbered).
  5516 | D:7      | 5516 ||| Stepping ~*~*~tactically~*~*~ (outnumbered).
  5710 | D:7      | Found an ornate altar of the Wu Jian Council.
  5801 | D:7      | Found a staircase to the Ecumenical Temple.
  5802 | D:7      | 5802 ||| PLANNING TEMPLE
  5802 | D:7      | 5802 ||| READING scroll labelled TUNNOCZAIF.
  5806 | D:7      | 5806 ||| READING 2 scrolls of identify.
  5806 | D:7      | 5806 ||| IDENTIFYING murky green potion
  5807 | D:7      | 5807 ||| DROPPING potion of attraction.
  5884 | Temple   | Entered the Ecumenical Temple
  5964 | Temple   | 5964 ||| PLANNING OKAWARU WORSHIP
  6097 | Temple   | Became a worshipper of Warmaster Okawaru
  6098 | Temple   | 6098 ||| PLANNING D:1-11
  6467 | D:7      | 6467 ||| READING scroll labelled ADOUTI COCS.
  6614 | D:8      | 6614 ||| Stepping ~*~*~tactically~*~*~ (cloud).
  6620 | D:8      | 6620 ||| FLEEEEING.
  6621 | D:8      | 6621 ||| STAIRDANCE
  6719 | D:8      | Noticed a manticore
  6732 | D:8      | Killed a manticore
  6732 | D:8      | Reached * piety under Okawaru
  6733 | D:8      | Reached skill level 12 in Ranged Weapons
  6831 | D:8      | Reached skill level 1 in Invocations
  6917 | D:8      | Noticed Gastronok
  6918 | D:8      | 6918 ||| INVOKING Heroism.
  6935 | D:8      | 6935 ||| INVOKING Heroism.
  6956 | D:8      | HP: 10/79 [Gastronok (23)]
  6957 | D:8      | 6957 ||| DRINKING potion of heal wounds.
  6958 | D:8      | Killed Gastronok
  6958 | D:8      | Reached ** piety under Okawaru
  6959 | D:8      | Reached skill level 9 in Fighting
  6959 | D:8      | Reached XP level 10. HP: 52/91 MP: 10/10
  7319 | D:8      | Found a staircase to the Lair.
  7625 | D:8      | 7625 ||| PLANNING LAIR
  7625 | D:8      | 7625 ||| UPGRADING to +0 hat of see invisible.
  7630 | D:8      | 7630 ||| UPGRADING to ring of positive energy.
  7668 | Lair:1   | Entered Level 1 of the Lair of Beasts
  7837 | Lair:1   | Noticed an elephant
  7852 | Lair:1   | 7852 ||| INVOKING Heroism.
  7853 | Lair:1   | Killed an elephant
  7854 | Lair:1   | Reached skill level 3 in Invocations
  7958 | Lair:1   | 7958 ||| INVOKING Heroism.
  7959 | Lair:1   | Noticed an elephant
  7967 | Lair:1   | Noticed an elephant
  7968 | Lair:1   | Noticed an elephant
  7973 | Lair:1   | HP: 22/91 [wolf (6)]
  7974 | Lair:1   | 7974 ||| DRINKING potion of heal wounds.
  7975 | Lair:1   | 7975 ||| INVOKING Heroism.
  7980 | Lair:1   | HP: 10/91 [elephant (14)]
  7981 | Lair:1   | HP: 4/91 [elephant (5)]
  7982 | Lair:1   | Mangled by an elephant

Levels and vault maps discovered:
D:1:      roderic_chinese_lattice_arrival, layout_loops_ring
D:2:      minmay_diamond_boxcup, layout_rooms, serial_shops,
          nicolae_shop_tiny_glass, uniq_jessica
D:3:      layout_basic, uniq_grinder
D:4:      nicolae_cairo_tiling_very_big, layout_cave_pools, tgw_trog,
          marbit_many_paths
D:5:      layout_layer_cave, mainiacjoe_overflow_catwalk,
          nicolae_dithmenos_shadow_blocks, hellmonk_ghost_happy_afterlife,
          serial_shops, shop, uniq_eustachio, uniq_blork_the_orc,
          uniq_prince_ribbit1
D:6:      layout_cave_pools, grunt_temple_overflow_magic_moments, uniq_sigmund
D:7:      layout_cave_pods, nicolae_wu_jian_wuxing_cycle, temple_green
D:8:      layout_cave_pods, dpeg_oklobed_lair, minmay_misc_feat_iff,
          uniq_gastronok
Temple:   minmay_temple_curvy_loop
Lair:1:   layout_roguey [special_room_bee], grunt_megastairs_5,
          lemuel_fruit_fields

Skill      XL: |  1  2  3  4  5  6  7  8  9 10 |
---------------+-------------------------------+-----
Ranged Weapons | 3 4 5 6 8 10 12 | 12.8
Fighting       | 2 3 4 5 6 9 |  9.6
Armour         | 4 |  4.8
Dodging        | 4 5 |  5.1
Invocations    | 1 3 |  3.7
Spellcasting   | |  1.0
Hexes          | |  2.0

Action                     |  1- 3 |  4- 6 |  7- 9 | 10-12 || total
---------------------------+-------+-------+-------+-------++-------
   Fire: Sling             |   105 |   198 |    63 |       ||   366
         Shortbow          |       |       |   416 |    79 ||   495
 Invoke: Heroism           |       |       |     2 |     3 ||     5
    Use: Scroll            |     3 |     4 |    13 |       ||    20
         Potion            |       |     3 |     3 |     1 ||     7
 Armour: Troll leather arm |     9 |    53 |    24 |       ||    86
         Leather armour    |       |       |    84 |    14 ||    98
  Dodge: Dodged            |    26 |    60 |   192 |    55 ||   333

Table legend:
 A = Non-vault XP
 B = Vault XP
 C = Vault XP percentage of total XP
 D = Non-vault monster count
 E = Vault monster count
 F = Vault count percentage of total count
                 A         B        C        D         E       F
            +---------+---------+-------+---------+---------+-------
      Total |    5665 |    2642 |  31.8 |     149 |      15 |   9.1
            +---------+---------+-------+---------+---------+-------
        D:1 |      29 |       0 |   0.0 |      17 |       0 |   0.0
        D:2 |      40 |      59 |  59.6 |      20 |       8 |  28.6
        D:3 |      74 |     281 |  79.2 |      17 |       1 |   5.6
        D:4 |     332 |     199 |  37.5 |      17 |       2 |  10.5
        D:5 |     989 |     376 |  27.5 |      25 |       2 |   7.4
        D:6 |    1225 |     214 |  14.9 |      30 |       1 |   3.2
        D:7 |     178 |       0 |   0.0 |       6 |       0 |   0.0
        D:8 |    1340 |    1513 |  53.0 |      10 |       1 |   9.1
     Lair:1 |    1458 |       0 |   0.0 |       7 |       0 |   0.0
            +---------+---------+-------+---------+---------+-------
